 Dungeon Crawl Stone Soup version 0.23-a0-550-g7de1f8e (webtiles) character file.

186 Lanoc the Chopper (level 5, -3/48 HPs)
             Began as a Hill Orc Chaos Knight on Dec 10, 2018.
             Was a Plaything of Xom.
             Slain by Grinder (6 damage)
             ... on level 3 of the Dungeon.
             The game lasted 00:04:11 (1665 turns).

Lanoc the Chopper (Hill Orc Chaos Knight)           Turns: 1665, Time: 00:04:13

Health: -3/48      AC: 10    Str: 16    XL:     5   Next: 66%
Magic:  5/5        EV: 10    Int: 20    God:    Xom [....*.]
Gold:   135        SH:  0    Dex: 10    Spells: 4/4 levels left

rFire    + . .     SeeInvis .   a - +0 hand axe (chaos)
rCold    + + .     Gourm    .   (no shield)
rNeg     . . .     Faith    .   j - +2 ring mail {rPois}
rPois    +         Spirit   .   m - +0 helmet {Int+3}
rElec    +         Reflect  .   (no cloak)
rCorr    +         Harm     .   (no gloves)
MR       .....                  h - +0 pair of boots
Stlth    ..........             (no amulet)
HPRegen  0.16/turn              k - ring of protection from cold
MPRegen  0.09/turn              (no ring)

@: brilliant, resistant, drained
A: no striking features
a: Renounce Religion


You were on level 3 of the Dungeon.
You worshipped Xom.
You were a beloved toy of Xom.
You were hungry.

You visited 1 branch of the dungeon, and saw 3 of its levels.

You collected 135 gold pieces.

Inventory:

Hand Weapons
 a - a +0 hand axe of chaos (weapon)
Missiles
 b - 41 arrows
Armour
 h - a +0 pair of boots (worn)
 j - a +2 ring mail of poison resistance (worn)
 m - a +0 helmet of intelligence (worn)
Jewellery
 k - a ring of protection from cold (left hand)
 l - an uncursed amulet of faith
Wands
 o - a wand of polymorph (6)
Scrolls
 e - 5 scrolls of identify {unknown}
 f - a scroll of enchant armour {unknown}
 g - a scroll of blinking {unknown}
 i - a scroll of teleportation {unknown}
 n - 2 scrolls of remove curse {unknown}
Comestibles
 c - 5 rations


   Skills:
 + Level 5.2(4.9) Fighting
 + Level 5.7(5.4) Axes
 + Level 4.0(3.7) Armour
 - Level 0.7(0.4) Dodging


You had 4 spell levels left.
You didn't know any spells.
Your spell library contained the following spells:

 Spells                   Type           Power        Failure   Level  Hunger
 Ensorcelled Hibernation  Hex/Ice        ##....       6%          2    ###....
 Agony                    Necr           ##......     61%         5    ######.
 Dispel Undead            Necr           ##......     61%         5    ######.
 Metabolic Englaciation   Hex/Ice        ##........   61%         5    ######.
 Bolt of Cold             Conj/Ice       ##........   98%         6    #######


Dungeon Overview and Level Annotations

Branches:
Dungeon (3/15)

Altars:
Xom

Annotations:
D:3 Grinder


Message History

Grinder is heavily wounded.
Grinder says, "Don't move a muscle."
Grinder hits you but does no damage.
You hit Grinder but do no damage.
Grinder is heavily wounded.
Your toxic aura wanes.
You closely miss Grinder.
Grinder is heavily wounded.
Grinder closely misses you.
You hit Grinder.
You catch a glimpse of the back of your own head.
Grinder is heavily wounded.
Grinder is no longer moving slowly.
You hit Grinder. You burn Grinder.
Grinder is severely wounded.
Grinder hits you.
* * * LOW HITPOINT WARNING * * *
You writhe in agony.
You die...
Xom chortles!

#.. #.# ...
... #.# #.# #
#5# #.# #@# #
..####_# ..
...#_# #..
##.#)# #
#...##....##.#
.....__..._..#
#...##_...####
#####
<....._.._#
.....
#.#.##..###
#####


You could see Grinder.

Vanquished Creatures
  Purgy (D:3)
  A worker ant (D:2)
  2 adders (D:2)
  An ooze (D:3)
  A dart slug (D:2)
  7 bats
  2 giant cockroaches (D:2)
  4 hobgoblins
  3 jackals (D:1)
  4 kobolds
  A quokka (D:2)
  2 ball pythons (D:2)
  2 frilled lizards (D:1)
  7 goblins
  5 rats
43 creatures vanquished.

Notes
Turn   | Place    | Note
-------+----------+-------------------------------------------
     0 | D:1      | Lanoc the Hill Orc Chaos Knight began the quest for the
                  | Orb.
     0 | D:1      | Reached XP level 1. HP: 19/19 MP: 1/1
   148 | D:1      | XOM: silly message
   149 | D:1      | Reached XP level 2. HP: 26/27 MP: 2/2
   724 | D:2      | Reached XP level 3. HP: 26/33 MP: 3/3
   873 | D:2      | Reached skill level 5 in Axes
   873 | D:2      | Reached XP level 4. HP: 32/41 MP: 4/4
   973 | D:2      | Identified Xom's Handbook of Boredom (Xom gifted it to you
                  | on level 2 of the Dungeon)
   973 | D:2      | XOM: god gift: Xom's Handbook of Boredom
  1606 | D:3      | Noticed Purgy
  1624 | D:3      | XOM: scenery: create altars
  1644 | D:3      | Noticed Grinder
  1653 | D:3      | Killed Purgy
  1653 | D:3      | Reached skill level 5 in Fighting
  1653 | D:3      | Reached XP level 5. HP: 20/48 MP: 5/5
  1658 | D:3      | XOM: cast spell 'Olgreb's Toxic Radiance'
  1665 | D:3      | Slain by Grinder

Vault maps used:
D:1:      dpeg_arrival_stone_temple_mockup, minmay_misc_feat_more_columns
D:3:      uniq_sigmund, uniq_grinder, uniq_purgy, uniq_terence

Skill      XL: |  1  2  3  4 |
---------------+-------------+-----
Fighting       | 4 5 |  5.2
Armour         | 3 4 |  4.0
Axes           | 5 |  5.7
Dodging        | |  0.7

Action                   |  1- 3 |  4- 6 || total
-------------------------+-------+-------++-------
Melee: Hand axe          |    81 |    94 ||   175
  Use: Potion            |       |     2 ||     2
 Stab: Petrified         |       |     3 ||     3
       Confused          |       |     1 ||     1
       Petrifying        |       |     1 ||     1
  Eat: Chunk             |       |     2 ||     2
Armor: Leather armour    |    19 |       ||    19
       Ring mail         |    29 |    54 ||    83
Dodge: Dodged            |    57 |    54 ||   111

Table legend:
 A = Non-vault XP
 B = Vault XP
 C = Vault XP percentage of total XP
 D = Non-vault monster count
 E = Vault monster count
 F = Vault count percentage of total count
                 A         B        C        D         E       F
            +---------+---------+-------+---------+---------+-------
      Total |     129 |     138 |  51.7 |      42 |       1 |   2.3
            +---------+---------+-------+---------+---------+-------
        D:1 |      20 |       0 |   0.0 |      13 |       0 |   0.0
        D:2 |      96 |       0 |   0.0 |      23 |       0 |   0.0
        D:3 |      13 |     138 |  91.4 |       6 |       1 |  14.3
            +---------+---------+-------+---------+---------+-------
